 Dungeon Crawl Stone Soup version 0.25-a0-420-g1cc7eeb (webtiles) character file.

Game seed: 2482156878945200012, levelgen mode: deterministic

1078 BlueFish the Insei (level 8, -6/54 HPs)
             Began as an Octopode Transmuter on Jan 18, 2020.
             Was a Follower of Sif Muna.
             Killed by divine providence
             ... invoked by an orc priest
              (15 damage)
             ... on level 7 of the Dungeon.
             The game lasted 00:16:07 (6461 turns).

BlueFish the Insei (Octopode Transmuter)            Turns: 6461, Time: 00:16:07

Health: -6/54      AC:  2    Str: 11    XL:     8   Next: 29%
Magic:  12/13      EV: 36    Int: 16    God:    Sif Muna [*.....]
Gold:   249        SH:  0    Dex: 21    Spells: 4/14 levels left

rFire    . . .     SeeInvis .     - Unarmed
rCold    . . .     Gourm    .   (shield currently unavailable)
rNeg     . . .     Faith    .   (helmet currently unavailable)
rPois    x         Spirit   .   h - amulet of the acrobat
rElec    .         Reflect  .   g - +4 ring of dexterity
rCorr    .         Harm     .   (no ring)
MR       .....                  (no ring)
Stlth    +++.......             (no ring)
HPRegen  0.18/turn              (no ring)
MPRegen  0.13/turn              (no ring)
                                (no ring)
                                (no ring)

@: spider-form (expiring), acrobat
A: tiny, almost no armour, stealthy swim, (amphibious), 8 rings, (constrict 8)
a: End Transformation, Channel Magic, Renounce Religion


You were on level 7 of the Dungeon.
You worshipped Sif Muna.
Sif Muna was aware of your devotion.
You were not hungry.
You were a venomous arachnid creature.
You visited 1 branch of the dungeon, and saw 7 of its levels.

You collected 249 gold pieces.

Inventory:

Missiles
 a - 125 arrows
Jewellery
 g - a +4 ring of dexterity (left front leg)
 h - an amulet of the acrobat (around neck)
Wands
 n - a wand of paralysis (4)
 r - a wand of digging (7)
 u - a wand of random effects (15)
 v - a wand of disintegration (22)
Scrolls
 o - a scroll of remove curse
 p - 3 scrolls of magic mapping
Potions
 b - 3 potions of flight
 d - 4 potions of agility
 e - 2 potions of lignification
 f - a potion of berserk rage
 i - 2 potions of mutation
 k - a potion of brilliance
 m - a potion of resistance {unknown}
 q - a potion of degeneration {unknown}
 s - a potion of might {unknown}
Comestibles
 c - 17 rations
 j - a chunk of flesh


   Skills:
 * Level 3.9 Fighting
 + Level 2.8 Dodging
 + Level 3.2 Stealth
 + Level 5.7 Unarmed Combat
 + Level 3.5 Spellcasting
 + Level 3.8 Transmutations
 * Level 1.6 Ice Magic
 + Level 3.9 Poison Magic


You had 4 spell levels left.
You knew the following spells:

 Your Spells              Type           Power        Failure   Level  Hunger
a - Beastly Appendage     Tmut           ###...       12%         1    None
b - Sticks to Snakes      Tmut           ###.....     16%         2    ##.....
c - Spider Form           Tmut/Pois      ###.......   26%         3    ###....
d - Ice Form              Ice/Tmut       ##......     71%         4    ####...

Your spell library contained the following spells:

 Spells                   Type           Power        Failure   Level  Hunger
 Freeze                   Ice            #...         22%         1    None
 Ozocubu's Armour         Chrm/Ice       #.......     58%         3    ###....
 Hailstorm                Conj/Ice       #.......     90%         4    ####...
 Summon Ice Beast         Ice/Summ       #.......     90%         4    ####...
 Blade Hands              Tmut           ###.......   87%         5    ######.


Dungeon Overview and Level Annotations

Branches:
Dungeon (7/15)
 Temple: D:4-7

Altars:
Sif Muna
Xom

Annotations:
D:2 Terence


Innate Abilities, Weirdness & Mutations

You cannot wear most types of armour.
You are very stealthy in the water. (Stealth+)
((You are amphibious.))
You can wear up to eight rings at the same time.
((You can use your tentacles to constrict eight enemies at once.))
((Your skin changes colour to match your surroundings (Stealth+).))
((Your rubbery body absorbs attacks. (AC +1, EV +1)))


Message History

A ball python comes into view.
The orc priest invokes the aid of Beogh against you.
Beogh smites you!
The ball python hisses angrily.
You barely miss the orc. You hit the orc but do no damage.
The orc is poisoned.
The orc hits you with a +0 club.
You barely miss the orc.
The orc is moderately wounded.
Your transformation is almost over.
You hit the orc.
You kill the orc!
Sif Muna accepts your kill.
You hit the orc warrior but do no damage.
The orc warrior is poisoned.
The orc warrior hits you with a +0 long sword!!
* * * LOW HITPOINT WARNING * * *
The orc priest calls down the wrath of Beogh upon you.
Beogh smites you!
You die...

######################
...............#.....#
...............#.....#
...............#.....#
...............+..<..#
..........).oo.#.....####
###+#####.##.#Ss......รท.#
#.##.###...####..#
.......S....#..........#
...)...o....#..#.#.#...#
............#.###### ..#
..o.$.......#. ..#
.....##.....#. .## .....
#.....# .# ..... ......#


You could see an orc warrior, an orc priest and a ball python.

Vanquished Creatures
  An ice beast (D:6)
  2 ogres (D:6)
  Blork the orc (D:4)
  A bullfrog (D:5)
  A howler monkey (D:6)
  2 hounds
  6 orc wizards
  Ijyb (D:3)
  5 worker ants
  Robin (D:2)
  4 gnolls (D:6)
  8 adders
  An ooze (D:5)
  3 worms
  4 dart slugs
  5 leopard geckos
  21 orcs
  7 giant cockroaches
  14 goblins
  9 hobgoblins
  7 jackals
  5 kobolds
  2 quokkas
  7 bats
  3 frilled lizards
  A leopard gecko skeleton (D:4)
  2 quokka zombies (D:5)
  10 rats
134 creatures vanquished.

Notes
Turn   | Place    | Note
-------+----------+-------------------------------------------
     0 | D:1      | BlueFish the Octopode Transmuter began the quest for the
                  | Orb.
     0 | D:1      | Reached XP level 1. HP: 13/13 MP: 3/3
   211 | D:1      | Reached XP level 2. HP: 18/18 MP: 3/5
   215 | D:1      | Learned a level 2 spell: Sticks to Snakes
   549 | D:1      | Reached XP level 3. HP: 6/23 MP: 4/6
   554 | D:1      | Learned a level 3 spell: Spider Form
  1180 | D:2      | Noticed Terence
  1294 | D:2      | Reached skill level 1 in Stealth
  1294 | D:2      | Reached XP level 4. HP: 8/28 MP: 3/7
  1299 | D:2      | HP: 1/28 [poisoned by an adder]
  1652 | D:2      | Noticed Robin
  1668 | D:2      | Killed Robin
  1668 | D:2      | Reached skill level 4 in Unarmed Combat
  1668 | D:2      | Reached skill level 1 in Poison Magic
  2099 | D:2      | Found a faded altar of an unknown god.
  2108 | D:2      | Reached XP level 5. HP: 32/34 MP: 4/8
  2165 | D:3      | Noticed Ijyb
  2251 | D:3      | Paralysed by Ijyb for 4 turns
  2262 | D:3      | Killed Ijyb
  3455 | D:4      | Noticed Blork the orc
  3461 | D:4      | Reached XP level 6. HP: 40/40 MP: 8/10
  3469 | D:4      | Found a shimmering blue altar of Sif Muna.
  3478 | D:4      | Became a worshipper of Sif Muna the Loreminder
  3856 | D:4      | Killed Blork the orc
  4170 | D:5      | Entered Level 5 of the Dungeon
  4421 | D:5      | Got a dazzling hand axe
  4519 | D:5      | Reached XP level 7. HP: 29/45 MP: 9/11
  5138 | D:6      | Found a shimmering altar of Xom.
  5213 | D:6      | Reached skill level 5 in Unarmed Combat
  5218 | D:6      | Reached * piety under Sif Muna
  5651 | D:6      | Learned a level 4 spell: Ice Form
  5826 | D:6      | Reached XP level 8. HP: 13/53 MP: 8/13
  6070 | D:6      | Reached skill level 1 in Ice Magic
  6461 | D:7      | Killed from afar by an orc priest

Levels and vault maps discovered:
D:1:      zaba_arrival_water, layout_loops_cross
D:2:      layout_loops_ring, chequers_ecumenical_altar_lobes,
          minmay_tetromino_i4, uniq_robin, uniq_terence
D:3:      layout_basic, first_ration, uniq_ijyb
D:4:      layout_rooms, minmay_misc_feat_plants, tgw_sif
D:5:      layout_basic, nicolae_ossuary_entry_monument, minmay_fractal_squares_5
D:6:      layout_cave_pools, basic_altar
D:7:      layout_gridville, nicolae_overflow_hidden_temple, temple_fountains,
          gammafunk_ghost_wrathful_warriors, minmay_manual_macuahuitl

Skill      XL: |  1  2  3  4  5  6  7  8 |
---------------+-------------------------+-----
Stealth        | 1 2 3 |  3.2
Fighting       | 2 3 |  3.9
Unarmed Combat | 4 5 |  5.7
Poison Magic   | 1 2 3 |  3.9
Transmutations | 3 |  3.8
Spellcasting   | 3 |  3.5
Ice Magic      | 1 |  1.6
Dodging        | |  2.8

Action                   |  1- 3 |  4- 6 |  7- 9 || total
-------------------------+-------+-------+-------++-------
Melee: Unarmed           |    69 |   166 |   109 ||   344
       Constrict         |    19 |    19 |     3 ||    41
       Kick              |    10 |     8 |     4 ||    22
       Tentacles         |     9 |     7 |     2 ||    18
       Punch             |     5 |     1 |       ||     6
 Cast: Beastly Appendage |    17 |    20 |     2 ||    39
       Spider Form       |     1 |    16 |    17 ||    34
  Use: Scroll            |     5 |     4 |     5 ||    14
       Potion            |       |     1 |       ||     1
 Stab: Sleeping          |     3 |     5 |     4 ||    12
  Eat: Chunk             |     1 |    13 |     8 ||    22
Armor: Skin              |     9 |     9 |     5 ||    23
Dodge: Dodged            |    33 |    95 |    96 ||   224

Table legend:
 A = Non-vault XP
 B = Vault XP
 C = Vault XP percentage of total XP
 D = Non-vault monster count
 E = Vault monster count
 F = Vault count percentage of total count
                 A         B        C        D         E       F
            +---------+---------+-------+---------+---------+-------
      Total |    1260 |     281 |  18.2 |     110 |      24 |  17.9
            +---------+---------+-------+---------+---------+-------
        D:1 |      44 |       0 |   0.0 |      23 |       0 |   0.0
        D:2 |      55 |      68 |  55.3 |      16 |      17 |  51.5
        D:3 |      47 |      36 |  43.4 |      20 |       1 |   4.8
        D:4 |     152 |     100 |  39.7 |       9 |       1 |  10.0
        D:5 |     248 |      77 |  23.7 |      17 |       5 |  22.7
        D:6 |     658 |       0 |   0.0 |      22 |       0 |   0.0
        D:7 |      56 |       0 |   0.0 |       3 |       0 |   0.0
            +---------+---------+-------+---------+---------+-------
